 Dungeon Crawl Stone Soup version 0.30-a0-862-g1aabd4f9c5 (webtiles) character file.

Game seed: 3324702302712525402

89 jasper the Chopper (level 4, 0/35 HPs)
             Began as a Demonspawn Fighter on Mar 8, 2023.
             Was an Initiate of Yredelemnul.
             Slain by a gnoll
             ... wielding a +0 spear
              (2 damage)
             ... on level 2 of the Dungeon.
             The game lasted 00:02:38 (1394 turns).

jasper the Chopper (Demonspawn Fighter)             Turns: 1394, Time: 00:02:38

Health: 0/35       AC:  6    Str: 18    XL:     4   Next: 31%
Magic:  4/4        EV:  9    Int: 10    God:    Yredelemnul [......]
Gold:   153        SH:  4    Dex: 12    Spells: 3/3 levels left

rFire   . . .      SeeInvis +    a - +0 war axe
rCold   . . .      Faith    .    c - +0 buckler
rNeg    . . .      Spirit   .    b - +0 scale mail
rPois   .          Reflect  .    (helmet restricted)
rElec   .          Rampage  .    (no cloak)
rCorr   .                        (no gloves)
Will    .....                    (no boots) Stlth
                                 (no amulet)
HPRegen 0.25/turn                k - ring of see invisible
MPRegen 0.09/turn                (no ring)

@: mighty
A: antennae 1
a: Renounce Religion, Recall Undead Harvest


You were on level 2 of the Dungeon.
You worshipped Yredelemnul.
Yredelemnul was noncommittal.
You visited 1 branch of the dungeon, and saw 2 of its levels.

You collected 153 gold pieces.

Inventory:

Hand Weapons
 a - a +0 war axe (weapon)
 i - a +0 morningstar
Missiles
 j - 16 stones (quivered)
Armour
 b - a +0 scale mail (worn)
 c - a +0 buckler (worn)
Jewellery
 k - a ring of see invisible (left hand)
Wands
 m - a wand of digging (6)
Scrolls
 e - a scroll of identify
 l - a scroll of teleportation {unknown}
Potions
 d - a potion of might
 g - a potion of magic {unknown}
 h - a potion of haste {unknown}


   Skills:
 - Level 3.0 Fighting
 + Level 4.2 Axes
 - Level 2.6 Armour
 - Level 2.6 Shields


You had 3 spell levels left.
You didn't know any spells.
Your spell library contained the following spells:

 Spells                   Type           Power      Damage    Failure   Level
 Sublimation of Blood     Necr           0%         N/A       94%         2
 Petrify                  Tmut/Erth      0%         N/A       100%        4
 Irradiate                Conj/Tmut      0%         3d11      100%        5


Dungeon Overview and Level Annotations

Branches:
Dungeon (2/15)

Altars:
Yredelemnul


Innate Abilities, Weirdness & Mutations

You have a pair of small antennae on your head.


Message History

Your ball python zombie constricts the gnoll.
The gnoll hits you from afar with a +0 halberd.
The gnoll hits you but does no damage. The gnoll barely misses you.
You take 5 damage, and have 23/35 hp.
You slash the gnoll!
The gnoll is heavily wounded.
Your ball python zombie bites the gnoll but does no damage.
Your ball python zombie constricts the gnoll.
The gnoll hits you from afar with a +0 spear.
The gnoll hits you with a +0 flail!
The gnoll hits you from afar with a +0 halberd.
You take 10 damage, and have 13/35 hp.
MASSIVE DAMAGE!!
You hit the gnoll.
The gnoll is severely wounded.
Your ball python zombie bites the gnoll but does no damage.
Your ball python zombie constricts the gnoll.
The gnoll hits you from afar with a +0 spear.
* * * LOW HITPOINT WARNING * * *
You block the gnoll's attack. The gnoll closely misses you.
Your ball python zombie bites the gnoll but does no damage.
Your ball python zombie constricts the gnoll.
You take 3 damage, and have 10/35 hp.
You feel better. The gnoll hits you but does no damage.
You block the gnoll's attack. The gnoll hits you with a +0 flail.
Your ball python zombie bites the gnoll but does no damage.
Your ball python zombie constricts the gnoll.
You regained 5 hp, and now have 15/35 hp.
You feel very mighty all of a sudden. The gnoll closely misses you.
The gnoll hits you from afar with a +0 halberd.
The gnoll hits you with a +0 flail!
* * * LOW HITPOINT WARNING * * *
Your ball python zombie bites the gnoll but does no damage.
Your ball python zombie constricts the gnoll.
You take 13 damage, and have 2/35 hp.
MASSIVE DAMAGE!!
You barely miss the gnoll.
The gnoll is severely wounded.
The gnoll hits you from afar with a +0 spear.
You die...
Your body rises from the dead as a mindless zombie.

## ... .... .#### #####
....{ ...#####...#
#.##Zg###g........######
#....bg@Z.........'.....
####..###.........######
.... #....|....# ....
#.........# #.#
###..##...# # ##......#
###....# #....# #Z...#


You could see 3 gnolls, a bat and 2 friendly ball python zombies.

Vanquished Creatures
  4 gnolls (D:2)
  An adder (D:2)
  3 dart slugs
  2 ball pythons (D:1)
  4 endoplasms
  3 giant cockroaches
  3 goblins
  3 kobolds
  2 quokkas (D:1)
  8 bats
  2 frilled lizards (D:1)
  2 rats
37 creatures vanquished.

Vanquished Creatures (others)
  A quokka zombie (D:2)
1 creature vanquished.

Grand Total: 38 creatures vanquished

Notes
Turn   | Place    | Note
-------+----------+-------------------------------------------
     0 | D:1      | jasper the Demonspawn Fighter began the quest for the Orb.
     0 | D:1      | Reached XP level 1. HP: 18/18 MP: 1/1
    44 | D:1      | Reached skill level 2 in Axes
   153 | D:1      | Gained mutation: You have a pair of small antennae on your
                  | head. [demonic ancestry]
   153 | D:1      | Reached XP level 2. HP: 24/24 MP: 2/2
   460 | D:1      | Reached skill level 3 in Axes
   902 | D:2      | Reached XP level 3. HP: 28/29 MP: 3/3
  1082 | D:2      | Reached skill level 4 in Axes
  1082 | D:2      | Reached XP level 4. HP: 30/35 MP: 4/4
  1181 | D:2      | Found a faded altar of an unknown god.
  1222 | D:2      | Prayed at the altar of an unknown god.
  1222 | D:2      | Became a worshipper of Yredelemnul the Dark
  1222 | D:2      | Reached * piety under Yredelemnul
  1394 | D:2      | Slain by a gnoll

Illustrated notes

Levels and vault maps discovered:
D:1:      scummos_arrival_checkerplants, layout_basic, minivault_5,
          corexii_hall_statues_deadend, ebering_dispersal_statue_hall
D:2:      layout_basic, hellmonk_ecumenical_altar_zigzags,
          nicolae_underground_beach, uniq_terence

Skill      XL: |  1  2  3 |
---------------+----------+-----
Axes           | 2 3 4 |  4.2
Fighting       | |  3.0
Armour         | |  2.6
Shields        | |  2.6

Action                     |  1- 3 |  4- 6 || total
---------------------------+-------+-------++-------
  Melee: War axe           |    76 |    17 ||    93
  Throw: Stone             |     1 |     7 ||     8
    Use: Scroll            |     2 |       ||     2
         Potion            |     1 |     2 ||     3
 Armour: Scale mail        |    51 |     9 ||    60
  Dodge: Dodged            |    56 |    14 ||    70
  Block: Buckler           |    15 |     6 ||    21

Table legend: (Time is in decaauts)
 A = Elapsed time spent in this place.
 B = Non-inter-level travel time spent in this place.
 C = Inter-level travel time spent in this place.
 D = Time resting spent in this place.
 E = Time spent auto-exploring this place.
 F = Levels seen in this place.
 G = Mean time per level.
                   A        B        C        D        E       F      G
               +--------+--------+--------+--------+--------+-----+--------+
         Total |   1455 |   1441 |     14 |      0 |   1025 |   2 |  727.5 |
       Dungeon |   1455 |   1441 |     14 |      0 |   1025 |   2 |  727.5 |
               +--------+--------+--------+--------+--------+-----+--------+

Top non-repeatable levels by time:
     D:1: 935 daAuts
     D:2: 520 daAuts
